 Dungeon Crawl Stone Soup version 0.29.1-debian-1-gc3f1650bb9 (webtiles) character file.

Game seed: 16817041428994311598

91932 Newt the Nimble (level 15, -4/162 HPs)
             Began as a Demonspawn Gladiator on Sept 12, 2022.
             Was an Initiate of Yredelemnul.
             Slain by an acid blob (32 damage)
             ... created by the Royal Jelly
             ... on level 5 of the Pits of Slime.
             The game lasted 00:46:11 (32832 turns).

Newt the Nimble (Demonspawn Gladiator)             Turns: 32832, Time: 00:46:11

Health: -4/162     AC: 14    Str: 24    XL:     15   Next: 56%
Magic:  17/22      EV: 17    Int: 19    God:    Yredelemnul [......]
Gold:   607        SH: 18    Dex: 16    Spells: 21/21 levels left

rFire   + + .      SeeInvis .   q - +5 trident of War {elec, Fly Will+ rCorr}
rCold   + . .      Faith    .   A - +2 kite shield {rC+}
rNeg    + . .      Spirit   .   y - +0 ring mail {Will+}
rPois   .          Reflect  +   (helmet unavailable)
rElec   .          Harm     .   F - scarf {repulsion}
rCorr   +          Rampage  .   W - +2 pair of gloves of Vauxofi {rF+}
Will    +++..      Rage     9%  b - +2 pair of boots
Stlth   ..........              s - amulet of reflection
HPRegen 0.37/turn               z - +4 ring of slaying
MPRegen 0.36/turn               Y - ring of Descent {rF+ rN+ Str+7}

@: mighty, berserking, flying, hasted, studying Necromancy, repel missiles, very
quick
A: horns 3, demonic guardian 2, magic regeneration, big brain 2, hooves 1,
berserk 2, clever 1, deterioration 1, frail 1
a: Renounce Religion, Recall Undead Harvest


You were on level 5 of the Pits of Slime.
You worshipped Yredelemnul.
Yredelemnul was aware of your devotion.
You visited 3 branches of the dungeon, and saw 21 of its levels.
You also visited: Ice Cave.

You collected 1368 gold pieces.
You spent 761 gold pieces at shops.

Inventory:

Hand Weapons
 a - a +0 rapier
 e - a +8 spear of freezing
 k - a +1 vorpal spear
 q - the +5 trident of War (weapon) {elec, Fly Will+ rCorr}
   (You found it on level 11 of the Dungeon)

   It occasionally discharges a powerful burst of electricity upon striking a
   foe.
   Fly:       It grants you flight.
   rCorr:     It protects you from acid and corrosion.
   Will:      It increases your willpower.
Missiles
 M - a throwing net (quivered)
Armour
 b - a +2 pair of boots (worn)
 y - a +0 ring mail of willpower (worn)
 A - a +2 kite shield of cold resistance (worn)
 F - a scarf of repulsion (worn)
 R - a +4 chain mail of cold resistance
 W - the +2 pair of gloves of Vauxofi (worn) {rF+}
   (You found it on level 10 of the Dungeon)

   rF:        It protects you from fire.
Jewellery
 g - a ring of see invisible
 s - an amulet of reflection (around neck)
 z - a +4 ring of slaying (left hand)
 L - a ring of magical power
 V - a ring of protection from fire
 Y - the ring of Descent (right hand) {rF+ rN+ Str+7}
   (You found it on level 1 of the Lair of Beasts)

   [ring of positive energy]

   Str:       It affects your strength (+7).
   rF:        It protects you from fire.
   rN:        It protects you from negative energy.
Wands
 h - a wand of charming (7)
 u - a wand of roots (14)
 x - a wand of quicksilver (10)
 B - a wand of flame (8)
 D - a wand of polymorph (2)
Scrolls
 d - a scroll of blinking
 j - 3 scrolls of magic mapping
 l - a scroll of fear
 m - 2 scrolls of enchant armour
 o - 4 scrolls of amnesia
 r - a scroll of butterflies
 H - 6 scrolls of teleportation
 J - 2 scrolls of brand weapon
 S - a scroll of silence
 T - 3 scrolls of noise
Potions
 n - 4 potions of lignification
 p - 4 potions of flight
 t - 6 potions of curing
 v - a potion of berserk rage
 w - 7 potions of brilliance
 C - 4 potions of haste
 G - a potion of magic
 K - 3 potions of resistance
 O - a potion of ambrosia {unknown}
 P - 3 potions of might
 Q - a potion of cancellation {unknown}
Miscellaneous
 i - a phial of floods
 U - a phantom mirror
 X - a tin of tremorstones (2/2)
 Z - a condenser vane (inert)


   Skills:
 - Level 12.0 Fighting
 - Level 2.6 Short Blades
 - Level 12.0 Polearms
 - Level 1.7 Throwing
 - Level 10.0 Armour
 - Level 14.0 Dodging
 - Level 2.0 Stealth
 - Level 8.0 Shields
 + Level 3.6 Spellcasting
 - Level 10.0 Invocations
 - Level 10.0 Evocations


You had 21 spell levels left.
You didn't know any spells.
Your spell library contained the following spells:

 Spells                   Type           Power      Damage    Failure   Level
 Slow                     Hex            12%        N/A       45%         1
 Ensorcelled Hibernation  Hex/Ice        6%         N/A       61%         2
 Passwall                 Tmut/Erth      2%         N/A       61%         2
 Scorch                   Fire           6%         2d5       61%         2
 Confusing Touch          Hex            3%         N/A       83%         3
 Gell's Gravitas          Tloc           3%         N/A       83%         3
 Stone Arrow              Conj/Erth      6%         3d7       83%         3
 Swiftness                Air            3%         N/A       83%         3
 Teleport Other           Tloc           3%         N/A       83%         3
 Vampiric Draining        Necr           3%         2d6       83%         3
 Animate Armour           Summ/Erth      6%         N/A       99%         4
 Flame Wave               Conj/Fire      3%         2d5       99%         4
 Summon Ice Beast         Ice/Summ       3%         N/A       99%         4
 Summon Mana Viper        Hex/Summ       3%         N/A       100%        5
 Dispersal                Tloc           1%         N/A       100%        6
 Summon Cactus Giant      Summ           1%         N/A       100%        6
 Monstrous Menagerie      Summ           1%         N/A       100%        7
 Lehudib's Crystal Spear  Conj/Erth      1%         10d2      100%        8


Dungeon Overview and Level Annotations

Branches:
Dungeon (11/15)            Temple (0/1) D:6            Lair (5/5) D:11
 Shoals (0/4) Lair:2       Spider (0/4) Lair:3        Slime (5/5) Lair:4
    Orc (0/2) D:11          IceCv (visited)

Altars:
Ashenzari
Cheibriados
Dithmenos
Fedhas
Hepliaklqana
Makhleb
Qazlal
Ru
Xom
Yredelemnul

Shops:
D:2 *   D:4 !   D:6 ![?   D:7 :==([

Annotations:
Slime:5 Royal Jelly


Innate Abilities, Weirdness & Mutations

You have a pair of large horns on your head.
A demonic guardian rushes to your aid.
You regenerate magic rapidly.
You have an extremely huge brain. (Int +4)
You have large cloven feet.
You have an uncontrollable temper.
Your mind is acute. (Int +4, Str/Dex -1)
Your body sometimes deteriorates upon taking damage.
You are frail. (-10% HP)


Message History

Unknown command.
Really release a tremorstone near your sixfirhy?
Okay, then.
Unknown command.
A red film seems to cover your vision as you go berserk!
You feel yourself moving faster!
You feel mighty!
You impale the acid blob!!
Your hands burn!
* * * LOW HITPOINT WARNING * * *
Your headbutt misses the acid blob.
The acid blob is severely wounded.
Your sixfirhy hits the rockslime but does no damage. x2
You block the rockslime's attack. You block the acid blob's attack.
Unknown command.
You puncture the acid blob!
Your hands burn!
* * * LOW HITPOINT WARNING * * *
You headbutt the acid blob!
The acid blob is almost dead.
Your sixfirhy hits the rockslime but does no damage. x2
The acid blob hits your sixfirhy!
Your sixfirhy is splashed with acid.
Unknown command.
You impale the acid blob!!
You kill the acid blob!
That felt strangely unrewarding.
The rockslime barely misses you.
An acid blob comes into view.
Unknown command.
You impale the rockslime!! Your headbutt misses the rockslime.
The rockslime is heavily wounded.
The Royal Jelly hits your sixfirhy but does no damage.
The Royal Jelly hits your sixfirhy!!
Your sixfirhy dies!
Your sixfirhy disappears in a puff of smoke!
You block the rockslime's attack.
You impale the rockslime!!
The rockslime is almost dead.
Unknown command.
You hit the rockslime but do no damage. You headbutt the rockslime!
You kill the rockslime!
That felt strangely unrewarding.
The acid blob hits you!!
You die...
Your body rises from the dead as a mindless zombie.

.## . ..# ##.
..# ###§# ##...
..J###.§§##.....
.......§§§......
.......§§§§.....
.......§§§§.....
.......J§J§.....
...J...§@§......
................
................
................
................
................
................
................
................


You could see the Royal Jelly (possessable), 2 acid blobs and a slime creature.

Vanquished Creatures
  2 acid blobs
  Gastronok (Lair:2)
  3 rockslimes
  A frost giant (IceCv)
  3 azure jellies
  The ghost of Lance11888 the Fighter, a journeyman OgCA of Ignis (D:9)
  A great orb of eyes (Slime:3)
  Erolcha (D:9)
  6 hydras
  A catoblepas (Lair:1)
  Erica (Lair:1)
  3 two-headed ogres
  A boulder beetle (D:11)
  9 death yaks
  The ghost of NinjaNoafa the Arsonist, a novice DrFE of Sif Muna (D:9)
  The ghost of LnG the Cleaver, a novice HOFi of Uskayaw (D:8)
  The ghost of SirDiesAlot the Tainter, a novice DEVM of Vehumet (D:9)
  Pikel (D:7)
  2 lindwurms
  5 elephants
  3 shining eyes
  3 eyes of devastation
  5 black mambas
  An unseen horror zombie (D:8)
  2 rime drakes (Lair:5)
  2 torpor snails
  6 cane toads
  8 komodo dragons
  10 polar bears
  A meliai (Lair:3)
  A hornet (D:7)
  26 slime creatures
  7 blink frogs
  9 dream sheep
  Sigmund (D:4)
  A black mamba zombie (Lair:1)
  41 yaks
  2 wyverns
  2 wraiths
  2 basilisks (Lair:5)
  10 golden eyes (Slime:4)
  An acid dragon (D:11)
  6 water moccasins
  2 sky beasts
  2 black bears (D:11)
  3 ice beasts
  3 orc warriors
  36 wolves
  2 ogres
  11 centaurs
  2 phantoms
  A kobold brigand (D:6)
  4 bullfrogs
  A wyvern zombie (D:8)
  2 scorpions
  A gnoll sergeant (D:8)
  6 wights
  22 killer bees
  4 howler monkeys
  2 wolf zombies (Lair:1)
  4 centaur zombies (D:8)
  7 hounds
  4 jellies
  3 orc priests
  3 iguanas
  Ijyb (D:5)
  6 orc wizards
  2 killer bee zombies (D:8)
  A howler monkey zombie (D:8)
  8 gnolls
  7 adders
  2 shadow imps
  2 white imps
  An ufetubus (D:5)
  A dart slug (D:1)
  22 orcs
  11 ball pythons
  7 bats
  5 endoplasms
  5 giant cockroaches
  9 goblins
  3 hobgoblins
  11 kobolds
  3 quokkas
  4 frilled lizards
  7 rats
438 creatures vanquished.

Vanquished Creatures (collateral kills)
  6 acid blobs
  A rockslime (Slime:4)
  2 great orbs of eyes
  2 boulder beetles (Lair:3)
  3 death yaks (Lair:4)
  A fire crab (Lair:5)
  3 lindwurms
  A manticore (D:11)
  3 shining eyes
  3 elephants (Lair:2)
  A merfolk siren (Lair:2)
  An ice statue (IceCv)
  2 eyes of devastation
  2 black mambas
  A cane toad (Lair:5)
  3 komodo dragons
  A polar bear (Lair:4)
  8 blink frogs
  18 slime creatures
  5 dream sheep
  A vampire (D:8)
  A basilisk (Lair:1)
  A wraith (D:10)
  8 yaks
  5 golden eyes (Slime:4)
  A water moccasin (Lair:2)
  An orc warrior (D:7)
  2 centaurs (D:11)
  8 wolves
  2 bullfrogs
  A scorpion (D:5)
  2 wights
  5 killer bees
  A howler monkey (D:11)
  An electric eel (Lair:3)
  A gnoll bouda (D:6)
  An iron imp (D:10)
  An orc wizard (D:10)
  A gnoll (D:6)
  5 orcs
116 creatures vanquished.

Vanquished Creatures (others)
  A spectral acid blob (Slime:2)
  A rockslime zombie (Slime:4)
  A spectral azure jelly (Slime:5)
  2 acid blob zombies
  A death yak zombie (IceCv)
  A hydra zombie (Lair:3)
  A great orb of eyes zombie (Slime:1)
  A black mamba zombie (Lair:3)
  15 slime creature zombies
  3 cane toad zombies
  2 spectral shining eyes (Slime:1)
  4 spectral golden eyes (Slime:4)
  2 blink frog zombies
  2 elephant zombies
  3 dream sheep zombies
  A wyvern zombie (D:9)
  A fire crab zombie (Lair:5)
  4 water moccasin zombies
  6 polar bear zombies (IceCv)
  7 yak zombies
  18 wolf zombies
  4 centaur zombies
  2 bullfrog zombies
  7 killer bee zombies
  3 orc zombies (D:10)
  56 fungi
  45 plants
194 creatures vanquished.

Grand Total: 748 creatures vanquished

Notes
Turn   | Place    | Note
-------+----------+-------------------------------------------
     0 | D:1      | Newt the Demonspawn Gladiator began the quest for the Orb.
     0 | D:1      | Reached XP level 1. HP: 16/16 MP: 1/1
    42 | D:1      | Reached skill level 1 in Stealth
   140 | D:1      | Gained mutation: You regenerate magic rapidly. [demonic
                  | ancestry]
   140 | D:1      | Reached XP level 2. HP: 22/22 MP: 2/2
   197 | D:1      | Found a faded altar of an unknown god.
  1032 | D:2      | Reached XP level 3. HP: 7/28 MP: 3/3
  1255 | D:2      | Identified a scroll of acquirement
  1255 | D:2      | Acquired a manual of Dodging
  1312 | D:2      | Found Odibe's Assorted Antiques.
  1691 | D:2      | Gained mutation: You have a pair of small horns on your
                  | head. [demonic ancestry]
  1691 | D:2      | Reached XP level 4. HP: 37/37 MP: 4/4
  2242 | D:1      | You fall into a shaft and drop 1 floor!
  2709 | D:3      | Reached skill level 1 in Polearms
  3229 | D:3      | Reached XP level 5. HP: 18/42 MP: 5/5
  4028 | D:4      | Noticed Sigmund
  4045 | D:4      | Killed Sigmund
  4046 | D:4      | Gained mutation: A weak demonic guardian rushes to your
                  | aid. [demonic ancestry]
  4046 | D:4      | Reached XP level 6. HP: 48/48 MP: 6/6
  4062 | D:4      | Found a sacrificial altar of Ru.
  4126 | D:4      | Reached skill level 5 in Polearms
  4128 | D:4      | Reached skill level 3 in Dodging
  4260 | D:4      | Found Ydabemor's Distillery.
  4263 | D:4      | Bought a potion of berserk rage for 50 gold pieces
  4284 | D:4      | Gained mutation: A demonic guardian rushes to your aid.
                  | [demonic ancestry]
  4284 | D:4      | Reached XP level 7. HP: 54/54 MP: 7/7
  4314 | D:4      | Reached skill level 4 in Dodging
  4978 | D:5      | Entered Level 5 of the Dungeon
  4979 | D:5      | Noticed Ijyb
  5001 | D:5      | Killed Ijyb
  5094 | D:5      | Reached skill level 5 in Dodging
  5541 | D:5      | Reached skill level 6 in Dodging
  5958 | D:5      | Reached skill level 7 in Dodging
  6213 | D:5      | Reached skill level 8 in Dodging
  6358 | D:5      | Gained mutation: You have a pair of horns on your head.
                  | [demonic ancestry]
  6358 | D:5      | Reached XP level 8. HP: 37/60 MP: 8/8
  6487 | D:6      | Reached skill level 9 in Dodging
  6744 | D:6      | Noticed a two-headed ogre
  6760 | D:6      | Killed a two-headed ogre
  6761 | D:6      | Reached skill level 10 in Dodging
  6947 | D:6      | Found Hasewua's Distillery.
  7415 | D:6      | Gained mutation: You have a pair of large horns on your
                  | head. [demonic ancestry]
  7415 | D:6      | Reached XP level 9. HP: 26/65 MP: 9/9
  8092 | D:6      | Found Luinic's Magic Scroll Emporium.
  8099 | D:6      | Bought a scroll of enchant weapon for 97 gold pieces
  8099 | D:6      | Bought a scroll of brand weapon for 123 gold pieces
  8099 | D:6      | Bought a scroll of identify for 26 gold pieces
  8147 | D:6      | Gained mutation: Your mind is acute. (Int +4, Str/Dex -1)
                  | [potion of mutation]
  8147 | D:6      | Gained mutation: Your flesh is cold resistant. (rC+)
                  | [potion of mutation]
  8188 | D:6      | Found a staircase to the Ecumenical Temple.
  8365 | D:6      | Found Pafaczor's Antique Armour Boutique.
  8563 | D:7      | Found Xeorph's Jewellery Boutique.
  8567 | D:7      | Paralysed by a hornet for 3 turns
  8579 | D:7      | Reached skill level 5 in Fighting
  9172 | D:7      | Noticed Pikel
  9187 | D:7      | Killed Pikel
  9321 | D:7      | Found a stormy altar of Qazlal.
  9373 | D:7      | Found Usiwaro's Jewellery Boutique.
  9376 | D:7      | Found Buolack's Book Boutique.
  9568 | D:7      | Found a broken altar of Ashenzari.
  9617 | D:7      | Found Usuqa's Weapon Emporium.
 10562 | D:7      | Noticed a komodo dragon
 10579 | D:7      | Killed a komodo dragon
 10909 | D:7      | Found Befesyo's Armour Shoppe.
 11036 | D:8      | Noticed LnG's ghost (novice HOFi)
 11050 | D:8      | Found a runed translucent gate.
 11050 | D:8      | Found a runed translucent gate.
 11051 | D:8      | Found a runed translucent gate.
 11250 | D:8      | Reached XP level 10. HP: 69/80 MP: 10/10
 12613 | D:8      | Noticed a two-headed ogre
 12627 | D:8      | Killed a two-headed ogre
 12740 | D:8      | Reached skill level 10 in Polearms
 12740 | D:8      | Reached skill level 1 in Evocations
 12776 | D:8      | Found a basalt altar of Yredelemnul.
 12785 | D:8      | Became a worshipper of Yredelemnul the Dark
 12902 | D:8      | Killed LnG's ghost
 12905 | D:8      | Reached * piety under Yredelemnul
 13380 | D:9      | Identified the +8 great mace "Gaudon" {venom, rElec rPois
                  | Int-3 Dex+3}
 13394 | D:9      | Reached skill level 5 in Evocations
 13542 | D:9      | Found a shadowy altar of Dithmenos.
 13546 | D:9      | Noticed Erolcha
 13557 | D:9      | Found a shimmering altar of Xom.
 13558 | D:9      | Killed Erolcha
 13558 | D:9      | Reached ** piety under Yredelemnul
 13639 | D:9      | Found a runed translucent gate.
 13639 | D:9      | Found a runed translucent gate.
 13640 | D:9      | Found a runed translucent gate.
 13642 | D:9      | Noticed NinjaNoafa's ghost (novice DrFE)
 13642 | D:9      | Noticed Lance11888's ghost (journeyman OgCA)
 13642 | D:9      | Noticed SirDiesAlot's ghost (novice DEVM)
 13737 | D:9      | Gained mutation: You have an unusually large brain. (Int
                  | +2) [demonic ancestry]
 13737 | D:9      | Reached XP level 11. HP: 86/86 MP: 11/11
 13853 | D:9      | Found a blossoming altar of Fedhas.
 13940 | D:9      | Found a burning altar of Makhleb.
 13942 | D:9      | Noticed a blizzard demon
 14004 | D:9      | Killed Lance11888's ghost
 14008 | D:9      | Killed SirDiesAlot's ghost
 14026 | D:9      | Killed NinjaNoafa's ghost
 14027 | D:9      | Reached skill level 11 in Dodging
 14397 | D:10     | Entered Level 10 of the Dungeon
 14793 | D:10     | Noticed a two-headed ogre
 14802 | D:10     | Killed a two-headed ogre
 14803 | D:10     | Reached skill level 12 in Dodging
 14945 | D:10     | Found a snail-covered altar of Cheibriados.
 14953 | D:10     | Reached *** piety under Yredelemnul
 15135 | D:10     | Identified the +2 pair of gloves of Vauxofi {rF+}
 15432 | D:11     | Noticed a boulder beetle
 15476 | D:11     | Killed a boulder beetle
 15900 | D:11     | Reached skill level 13 in Dodging
 16063 | D:11     | Found a staircase to the Lair.
 16084 | D:11     | Reached **** piety under Yredelemnul
 16085 | D:11     | Reached ***** piety under Yredelemnul
 16453 | D:11     | Found a staircase to the Orcish Mines.
 16549 | D:11     | Identified the +5 trident of War {elec, Fly Will+ rCorr}
 16905 | Lair:1   | Entered Level 1 of the Lair of Beasts
 16998 | Lair:1   | Identified the ring of Descent {rF+ rN+ Str+7}
 17109 | Lair:1   | Noticed a catoblepas
 17120 | Lair:1   | Killed a catoblepas
 17121 | Lair:1   | Gained mutation: You have an extremely huge brain. (Int +4)
                  | [demonic ancestry]
 17121 | Lair:1   | Reached XP level 12. HP: 83/92 MP: 12/12
 17643 | Lair:1   | Noticed Erica
 17657 | Lair:1   | Reached skill level 14 in Dodging
 17657 | Lair:1   | Reached skill level 1 in Invocations
 17674 | Lair:1   | Killed Erica
 18244 | Lair:1   | Reached skill level 5 in Invocations
 19183 | Lair:2   | Noticed Gastronok
 19204 | Lair:2   | Killed Gastronok
 19205 | Lair:2   | Reached skill level 10 in Invocations
 19205 | Lair:2   | Reached skill level 1 in Armour
 19503 | Lair:2   | Noticed a four-headed hydra
 19513 | Lair:2   | Killed a four-headed hydra
 19687 | Lair:2   | Found a staircase to the Shoals.
 19786 | Lair:2   | Reached skill level 5 in Armour
 20323 | Lair:2   | Noticed a seven-headed hydra
 20332 | Lair:2   | Killed a seven-headed hydra
 20333 | Lair:2   | Reached XP level 13. HP: 61/98 MP: 20/20
 21343 | Lair:3   | Found a transporter.
 21343 | Lair:3   | Found a transporter.
 21361 | Lair:3   | Found a frozen archway.
 21370 | IceCv    | Entered an ice cave
 22924 | IceCv    | Noticed a frost giant
 22956 | IceCv    | Killed a frost giant
 23905 | Lair:3   | Found a hole to the Spider Nest.
 24194 | Lair:3   | Reached skill level 10 in Evocations
 24353 | Lair:3   | Reached skill level 1 in Shields
 25219 | Lair:3   | Found a hazy altar of Hepliaklqana.
 25843 | Lair:3   | Reached skill level 5 in Shields
 26094 | Lair:4   | Reached XP level 14. HP: 101/105 MP: 21/21
 27014 | Lair:4   | Found a staircase to the Slime Pits.
 27577 | Lair:5   | Entered Level 5 of the Lair of Beasts
 27849 | Lair:5   | Found a snail-covered altar of Cheibriados.
 27875 | Lair:5   | Lost mutation: Your mind is acute. (Int +4, Str/Dex -1)
                  | [potion of mutation]
 27875 | Lair:5   | Lost mutation: Your flesh is cold resistant. (rC+) [potion
                  | of mutation]
 27875 | Lair:5   | Gained mutation: Your spells are a little easier to cast,
                  | but a little less powerful. [potion of mutation]
 27875 | Lair:5   | Gained mutation: You are somewhat resistant to further
                  | mutation. [potion of mutation]
 27876 | Lair:5   | Lost mutation: You are somewhat resistant to further
                  | mutation. [potion of mutation]
 27876 | Lair:5   | Lost mutation: Your spells are a little easier to cast, but
                  | a little less powerful. [potion of mutation]
 27876 | Lair:5   | Gained mutation: You have large cloven feet. [potion of
                  | mutation]
 27876 | Lair:5   | Gained mutation: You sometimes lose your temper in combat.
                  | [potion of mutation]
 27876 | Lair:5   | Gained mutation: Your mind is acute. (Int +4, Str/Dex -1)
                  | [potion of mutation]
 28205 | Lair:5   | Reached ****** piety under Yredelemnul
 28230 | Lair:5   | Reached skill level 10 in Fighting
 29059 | Slime:1  | Entered Level 1 of the Pits of Slime
 29213 | Slime:1  | Noticed an acid blob
 29224 | Slime:1  | Noticed an acid blob
 29227 | Slime:1  | Killed an acid blob
 29248 | Slime:1  | Gained mutation: You have an uncontrollable temper. [a
                  | shining eye]
 29249 | Slime:1  | Killed an acid blob
 29249 | Slime:1  | Enslaved an acid blob
 29318 | Slime:1  | Noticed a rockslime
 29325 | Slime:1  | Killed a rockslime
 29865 | Slime:2  | Gained mutation: Your body sometimes deteriorates upon
                  | taking damage. [a shining eye]
 29882 | Slime:2  | Noticed an acid blob
 29889 | Slime:2  | Killed an acid blob
 29890 | Slime:2  | Reached XP level 15. HP: 91/120 MP: 22/22
 30003 | Slime:2  | Noticed an acid blob
 30010 | Slime:2  | Killed an acid blob
 30145 | Slime:2  | Noticed an acid blob
 30153 | Slime:2  | Noticed an acid blob
 30154 | Slime:2  | Killed an acid blob
 30165 | Slime:2  | Killed an acid blob
 30977 | D:7      | Bought an amulet of reflection for 300 gold pieces
 31065 | D:7      | Bought a +0 ring mail of willpower for 165 gold pieces
 31599 | Slime:3  | Gained mutation: You are frail. (-10% HP) [a shining eye]
 31753 | Slime:3  | You are sucked into a shaft and drop 1 floor!
 31753 | Slime:4  | Noticed an acid blob
 31753 | Slime:4  | Noticed an azure jelly
 31758 | Slime:4  | Killed an acid blob
 31758 | Slime:4  | Noticed a rockslime
 31763 | Slime:4  | Killed an azure jelly
 31774 | Slime:4  | Killed a rockslime
 32072 | Slime:4  | Noticed an azure jelly
 32081 | Slime:4  | Killed an azure jelly
 32081 | Slime:4  | Enslaved an azure jelly
 32084 | Slime:4  | Noticed a rockslime
 32093 | Slime:4  | Killed a rockslime
 32623 | Slime:5  | Entered Level 5 of the Pits of Slime
 32642 | Slime:5  | Reached skill level 10 in Armour
 32647 | Slime:5  | Reached skill level 1 in Spellcasting
 32773 | Slime:5  | Noticed an acid blob
 32775 | Slime:5  | Noticed an azure jelly
 32777 | Slime:5  | Noticed an azure jelly
 32784 | Slime:5  | Killed an azure jelly
 32787 | Slime:5  | Killed an azure jelly
 32790 | Slime:5  | Killed an acid blob
 32814 | Slime:5  | Noticed the Royal Jelly
 32818 | Slime:5  | Noticed an acid blob
 32819 | Slime:5  | Noticed a rockslime
 32820 | Slime:5  | Noticed an acid blob
 32829 | Slime:5  | Killed an acid blob
 32829 | Slime:5  | Noticed an acid blob
 32832 | Slime:5  | Killed a rockslime
 32832 | Slime:5  | Slain by an acid blob

Illustrated notes

Levels and vault maps discovered:
D:1:      doesnt_arrival_eight_statues, layout_basic,
          hellmonk_ecumenical_altar_leap_of_faith
D:2:      layout_rooms, serial_shops, nicolae_shop_statue_plus
D:3:      layout_basic
D:4:      layout_rooms, nicolae_ru_sacrificial_ziggurat, serial_shops,
          kennysheep_mini_moat, uniq_sigmund
D:5:      layout_loops_ring, uniq_ijyb
D:6:      layout_basic, elyvilon_altar_5, minmay_temple_entry_from_below_b,
          serial_shops, kennysheep_mini, shop, shop, minmay_fountain_box
D:7:      layout_basic, nicolae_qazlal_style_of_elements,
          mainiacjoe_overflow_tiny_flanked, serial_shops, nicolae_stop_n_shop_1,
          shop, nicolae_square_shop, shop, shop, feat_on_display, uniq_pikel
D:8:      layout_basic, nicolae_yredelemnul_corpse_copse, gammafunk_ghost_split,
          grunt_decor_arrowhead
D:9:      layout_roguey, mainiacjoe_overflow_large_starburst,
          makhleb_altar_promises_db, fedhas_altar_4, gammafunk_ghost_cemetery,
          uniq_erolcha
D:10:     layout_long_grid, slow_altar_1
D:11:     layout_loops_ring, david_lair_generic, orc_0_dummy,
          serial_co_window_serial, co_window_paths_a, co_window_paths_b,
          co_window_corner_a, co_window_of_opportunity_a, co_window_paths_a,
          co_window_corner_a, co_window_corner_a, co_window_2corner,
          co_window_corner_b, co_window_of_opportunity_b, co_window_broadway_a,
          co_window_corner_b, co_window_broadway_a, glass_columns_a,
          glass_columns_a, glass_columns_b, glass_columns_b, glass_columns_a
Lair:1:   layout_cave_pods, grunt_forest_large_clearings, grunt_megastairs_2,
          uniq_erica
Lair:2:   layout_long_grid, minmay_shoals_entry_lonely_mermaid, uniq_gastronok
Lair:3:   gammafunk_boulding_lane, layout_gridlike,
          hellmonk_spider_entry_not_the_bees, portal_ice_cave_entry_pillars_2,
          lemuel_centaur_altar
Lair:4:   layout_regular_city, dpeg_slime_entry_enclosed, beast_lair_carwin_1
Lair:5:   hangedman_lair_in_review, layout_misc_corridors, basic_altar
Slime:1:  layout_caves
Slime:2:  layout_caves, cheibrodos_slime_lost_civilization_4
Slime:3:  layout_caves
Slime:4:  layout_caves
Slime:5

Skill      XL: |  1  2  3  4  5  6  7  8  9 10 11 12 13 14 15 |
---------------+----------------------------------------------+-----
Stealth        | 1 2 |  2.0
Fighting       | 3 4 8 12 | 12.0
Polearms       | 2 4 5 7 8 10 12 | 12.0
Dodging        | 3 8 10 13 14 | 14.0
Evocations     | 7 8 10 | 10.0
Invocations    | 10 | 10.0
Armour         | 6 10 | 10.0
Shields        | 5 8 |  8.0
Spellcasting   | 3 |  3.6
Short Blades   | |  2.6
Throwing       | |  1.7

Action                   |  1- 3 |  4- 6 |  7- 9 | 10-12 | 13-15 || total
-------------------------+-------+-------+-------+-------+-------++-------
Melee: Rapier            |   121 |    12 |       |       |       ||   133
       Punch             |     1 |       |     6 |     9 |     5 ||    21
       Spear             |       |    99 |   380 |   693 |   839 ||  2011
       Headbutt          |       |    13 |    92 |   125 |   205 ||   435
       Trident           |       |       |       |       |    97 ||    97
Throw: Throwing net      |     1 |       |     3 |     1 |     1 ||     6
       Javelin           |     1 |       |       |     1 |       ||     2
Invok: Recall Undead Har |       |       |       |     1 |     3 ||     4
       Drain Life        |       |       |       |     1 |       ||     1
       Dark Bargain      |       |       |       |       |     1 ||     1
       Bind Soul         |       |       |       |       |     6 ||     6
Evoke: Wand              |       |       |     1 |       |     4 ||     5
       Phantom mirror    |       |       |       |     1 |     4 ||     5
       Tin of tremorston |       |       |       |     1 |       ||     1
       Condenser vane    |       |       |       |       |     1 ||     1
  Use: Potion            |     2 |     1 |     5 |     5 |     7 ||    20
       Scroll            |     1 |     4 |     9 |    10 |     6 ||    30
 Stab: Sleeping          |     3 |     9 |     4 |     7 |     5 ||    28
       Distracted        |       |       |       |     4 |    12 ||    16
       Petrified         |       |       |       |       |    10 ||    10
       Petrifying        |       |       |       |       |     5 ||     5
       Fleeing           |       |       |       |       |     1 ||     1
Armor: Leather armour    |    33 |    19 |    22 |    33 |    16 ||   123
       Chain mail        |       |       |       |       |   130 ||   130
       Ring mail         |       |       |       |       |     6 ||     6
Dodge: Dodged            |   104 |    39 |   234 |   415 |   289 ||  1081
       Repelled          |       |       |     1 |       |     2 ||     3
Block: Kite shield       |       |       |       |       |   215 ||   215
